 Dungeon Crawl Stone Soup version 0.22-a0-348-gd16d139 (webtiles) character file.

2156 nikopol the Thaumaturge (level 9, -6/47 HPs)
             Began as a Deep Elf Fire Elementalist on Apr 10, 2018.
             Was a Follower of Vehumet.
             Killed from afar by nikopol's ghost (10 damage)
             ... with a puff of flame
             ... on level 8 of the Dungeon.
             The game lasted 00:28:55 (6906 turns).

nikopol the Thaumaturge (DEFE)                      Turns: 6906, Time: 00:28:56

Health: -6/47      AC:  4    Str:  5    XL:     9   Next: 10%
Magic:  8/25       EV: 13    Int: 24    God:    Vehumet [*.....]
Gold:   263        SH:  0    Dex: 15    Spells: 13/28 levels left

rFire    . . .     SeeInvis .   B - +1 dagger (speed)
rCold    + . .     Gourm    .   (no shield)
rNeg     + . .     Faith    .   a - +0 robe
rPois    .         Spirit   .   (no helmet)
rElec    .         Reflect  .   y - +0 cloak
rCorr    .         Harm     .   (no gloves)
MR       .....                  f - +0 pair of boots
Stlth    +.........             (no amulet)
HPRegen  0.15/turn              q - ring of protection from cold
MPRegen  0.19/turn              v - ring of positive energy

@: liquid flames, glowing
A: no striking features
a: Renounce Religion


You were on level 8 of the Dungeon.
You worshipped Vehumet.
Vehumet was aware of your devotion.
You were very hungry.

You visited 2 branches of the dungeon, and saw 9 of its levels.

You collected 263 gold pieces.

Inventory:

Hand Weapons
 B - a +1 dagger of speed (weapon)
Armour
 a - a +0 robe (worn)
 f - a +0 pair of boots (worn)
 y - a +0 cloak (worn)
Jewellery
 q - a ring of protection from cold (left hand)
 r - a +1 ring of protection {unknown}
 v - a ring of positive energy (right hand)
 C - an uncursed amulet of the acrobat {unknown}
Wands
 g - a wand of clouds (5)
 w - a wand of acid (9)
 D - a wand of digging (9)
Scrolls
 d - 4 scrolls of teleportation
 h - 4 scrolls of remove curse
 j - 2 scrolls of identify
 k - 2 scrolls of blinking
 n - a scroll of fear {unknown}
 o - 4 scrolls of magic mapping
 p - 2 scrolls of enchant armour {unknown}
 s - 2 scrolls of random uselessness {unknown}
 t - 2 scrolls of enchant weapon {unknown}
Potions
 b - 3 potions of invisibility
 e - a potion of brilliance
 i - 2 potions of heal wounds
 l - 7 potions of curing
 m - a potion of might
 u - 2 potions of degeneration
 x - a potion of flight
 A - a potion of lignification {unknown}
Comestibles
 c - 11 rations


   Skills:
 + Level 1.1 Fighting
 + Level 3.0 Dodging
 + Level 4.3 Stealth
 + Level 10.0 Spellcasting
 + Level 6.0 Conjurations
 + Level 8.1 Fire Magic


You had 13 spell levels left.
You knew the following spells:

 Your Spells              Type           Power        Failure   Level  Hunger
a - Flame Tongue          Conj/Fire      #####        1%          1    None
b - Throw Flame           Conj/Fire      #####.       1%          2    None
c - Conjure Flame         Conj/Fire      #####...     1%          3    None
d - Sticky Flame          Conj/Fire      #####...     2%          4    #......
e - Fireball              Conj/Fire      #####.....   8%          5    ####...


Dungeon Overview and Level Annotations

Branches:
Dungeon (8/15)             Temple (1/1) D:4
   Lair: D:8-11

Altars:
Ashenzari
Cheibriados
Dithmenos
Elyvilon
Fedhas
Gozag
Hepliaklqana
Kikubaaqudgha
Makhleb
Nemelex Xobeh
Okawaru
Qazlal
Ru
Sif Muna
Trog
Uskayaw
Vehumet
Wu Jian
Xom
Yredelemnul
Zin
The Shining One

Shops:
D:6 *=:}

Annotations:
D:8 nikopol's ghost, novice DEFE


Message History

Nikopol's ghost is engulfed in blazing flames.
Nikopol's ghost hits you.
Casting: Flame Tongue (safe; 1% risk of failure)
Confirm with . or Enter, or press ? or * to list all spells.
Aiming: Flame Tongue (safe; 1% risk of failure)
Press: ? - help, Shift-Dir - straight line, f/p - nikopol's ghost
Aim: nikopol's ghost, wielding a weapon of speed (flame, moderately damaged)
The flame tongue misses nikopol's ghost.
You are covered in liquid flames!
Nikopol's ghost sprays you with burning goo.
The sticky flame hits you!
You are covered in liquid flames!
You are covered in liquid flames!
* * * LOW HITPOINT WARNING * * *
Nikopol's ghost is engulfed in blazing flames.
You are covered in liquid flames!
* * * LOW HITPOINT WARNING * * *
Nikopol's ghost gestures at you while chanting.
The puff of flame hits you!
You die...

...######
......(<#####
....#.....@.# .
#.#####.# ...
#W#
..#######ยง###
....+.........#
... #######.#.#
.. ..#.# #.## #
#.


You could see nikopol's ghost.

Vanquished Creatures
  The ghost of nikopol the Magician, a novice DEFE (D:5)
  An ice beast (D:5)
  A sky beast (D:7)
  A necrophage (D:8)
  An orc warrior (D:7)
  An ogre (D:5)
  The ghost of RAD21 the Slasher, an amateur DsGl of Okawaru (D:4)
  A centaur (D:5)
  A crocodile (D:8)
  2 bullfrogs (D:6)
  3 wights (D:5)
  2 howler monkeys
  A crimson imp (D:6)
  4 hounds
  2 jellies
  2 bullfrog skeletons
  A bullfrog zombie (D:7)
  An orc priest (D:7)
  2 iguanas (D:7)
  9 orc wizards
  3 worker ants
  A killer bee zombie (D:6)
  A hound zombie (D:7)
  A hound skeleton (D:4)
  A howler monkey zombie (D:7)
  4 adders
  A shadow imp (D:5)
  An adder zombie (D:5)
  An adder skeleton (D:5)
  3 worms
  5 dart slugs
  5 leopard geckos
  15 orcs
  6 bats
  6 giant cockroaches
  7 goblins
  8 hobgoblins
  9 jackals
  2 quokkas
  2 ball pythons
  2 frilled lizards
  7 kobolds
  9 rats
138 creatures vanquished.

Notes
Turn   | Place    | Note
-------+----------+-------------------------------------------
     0 | D:1      | nikopol the Deep Elf Fire Elementalist began the quest for the Orb.
     0 | D:1      | Reached XP level 1. HP: 10/10 MP: 6/6
    70 | D:1      | Reached XP level 2. HP: 15/15 MP: 1/8
   481 | D:1      | Reached XP level 3. HP: 19/19 MP: 7/10
   945 | D:2      | Learned a level 2 spell: Throw Flame
   949 | D:2      | Learned a level 3 spell: Conjure Flame
  1761 | D:3      | Reached XP level 4. HP: 24/24 MP: 6/11
  2107 | D:3      | Learned a level 4 spell: Sticky Flame
  2131 | D:3      | Reached skill level 4 in Spellcasting
  2737 | D:4      | Found a staircase to the Ecumenical Temple.
  2738 | D:4      | Noticed RAD21's ghost (amateur DsGl)
  2787 | D:4      | Reached XP level 5. HP: 20/28 MP: 4/14
  3199 | D:4      | Killed RAD21's ghost
  3199 | D:4      | Reached skill level 5 in Spellcasting
  3199 | D:4      | Reached skill level 5 in Fire Magic
  3299 | Temple   | Entered the Ecumenical Temple
  3370 | Temple   | Became a worshipper of Vehumet
  3399 | D:4      | Reached XP level 6. HP: 32/32 MP: 12/16
  3706 | D:5      | Entered Level 5 of the Dungeon
  3809 | D:5      | Reached skill level 6 in Spellcasting
  3876 | D:5      | Noticed nikopol's ghost (novice DEFE)
  3888 | D:5      | Killed nikopol's ghost
  3888 | D:5      | Reached XP level 7. HP: 22/36 MP: 7/19
  4009 | D:5      | Learned a level 5 spell: Fireball
  4066 | D:5      | Reached skill level 7 in Spellcasting
  4804 | D:5      | Reached XP level 8. HP: 41/41 MP: 14/21
  4898 | D:5      | Found a deep blue altar of Sif Muna.
  4904 | D:5      | Reached skill level 8 in Spellcasting
  5031 | D:6      | Found Gumeghou's Book Boutique.
  5080 | D:6      | Found Xoxuaxt's Jewellery Shoppe.
  5115 | D:6      | Reached * piety under Vehumet
  5115 | D:6      | Offered knowledge of Magic Dart by Vehumet.
  5192 | D:6      | Reached skill level 5 in Conjurations
  5428 | D:6      | Found Kapezoi's Assorted Antiques.
  5614 | D:6      | Found Byraagil's Gadget Shoppe.
  6161 | D:7      | Reached skill level 9 in Spellcasting
  6436 | D:7      | Reached skill level 1 in Fighting
  6652 | D:7      | Reached XP level 9. HP: 46/47 MP: 20/24
  6682 | D:7      | Found a shadowy altar of Dithmenos.
  6782 | D:8      | Noticed a two-headed ogre
  6889 | D:8      | Reached skill level 10 in Spellcasting
  6892 | D:8      | Noticed nikopol's ghost (novice DEFE)
  6906 | D:8      | Killed from afar by nikopol's ghost

Vault maps used:
D:1:      giann_horns
D:2:      kennysheep_generic_room_4
D:4:      minmay_temple_entry_trees, first_ration
D:5:      led_sif_book
D:6:      serial_shops, shop, shop, kennysheep_little_box, nicolae_shop_stone,
          kennysheep_generic_room_13
D:7:      grunt_dithmenos_smoke
D:8:      gammafunk_jiyva_shrine, uniq_erica
Temple:   nicolae_temple_the_god_donut

Skill      XL: |  1  2  3  4  5  6  7  8  9 |
---------------+----------------------------+-----
Fire Magic     | 4 5 6 8 |  8.1
Conjurations   | 2 3 4 6 |  6.0
Stealth        | 3 4 |  4.3
Spellcasting   | 4 5 6 7 9 10 | 10.0
Dodging        | 3 |  3.0
Fighting       | 1 |  1.1

Action                   |  1- 3 |  4- 6 |  7- 9 || total
-------------------------+-------+-------+-------++-------
Melee: Dagger            |       |       |    12 ||    12
 Cast: Flame Tongue      |    83 |    85 |   124 ||   292
       Sticky Flame      |       |     4 |    11 ||    15
       Conjure Flame     |       |     2 |     5 ||     7
       Throw Flame       |       |     1 |     9 ||    10
       Fireball          |       |       |     8 ||     8
Evoke: Wand              |       |       |     1 ||     1
  Use: Scroll            |       |       |    10 ||    10
  Eat: Chunk             |     2 |     7 |     7 ||    16
       Ration            |       |       |     1 ||     1
Armor: Robe              |    15 |     1 |    14 ||    30
Dodge: Dodged            |    27 |    12 |    54 ||    93

Table legend:
 A = Spawn XP
 B = Non-spawn XP
 C = Spawn XP percentage of total XP
 D = Spawn monster count
 E = Non-spawn monster count
 F = Spawn count percentage of total count
 G = Total turns spent on level
                    A         B        C        D         E        F      G
               +---------+---------+-------+---------+---------+-------+---------
         Total |       0 |    3080 |   0.0 |       0 |     138 |   0.0 |  6906
               +---------+---------+-------+---------+---------+-------+---------
           D:1 |       0 |      51 |   0.0 |       0 |      28 |   0.0 |   804
           D:2 |       0 |      38 |   0.0 |       0 |      11 |   0.0 |   806
           D:3 |       0 |     103 |   0.0 |       0 |      27 |   0.0 |   981
           D:4 |       0 |     260 |   0.0 |       0 |      10 |   0.0 |  1247
           D:5 |       0 |    1095 |   0.0 |       0 |      19 |   0.0 |  1110
           D:6 |       0 |     565 |   0.0 |       0 |      17 |   0.0 |   796
           D:7 |       0 |     689 |   0.0 |       0 |      23 |   0.0 |  1049
           D:8 |       0 |     279 |   0.0 |       0 |       3 |   0.0 |    30
               +---------+---------+-------+---------+---------+-------+---------
